[ AOE2 MATCH · #494112499 ]
UnrankedVietnamese vs Teutons
Player's team · WIN
Rival team · LOSS
[ REPLAY ANALYSIS · EXTRACTED FROM THE RECORDED GAME ]
Feudal
9:16
Castle
25:50
Imperial
—
| APM avg | 34.0 |
| APM peak | 91 |
| eAPM avg | 17.1 |
| Villagers / military | 56 / 30 |
Focus
⚔️ 30.5% · 🌾 69.5%
Archer ×22 · Mangonel ×3 · Scout Cavalry ×3 · Monk ×1 · Battering Ram ×1
Feudal
9:57
Castle
26:07
Imperial
—
| APM avg | 31.7 |
| APM peak | 64 |
| eAPM avg | 17.6 |
| Villagers / military | 63 / 13 |
Focus
⚔️ 14.0% · 🌾 86.0%
Knight ×8 · Spearman ×3 · Scout Cavalry ×2
Match map
Initial resources + every placement click. Lines = walls · curves = elevation contours. ◆ gold · ⬟ stone · ● berries · ✦ relic · ◌ wall gap
Your base· Open — 4t gap
FACTORY_C's base· Open — unwalled flank
Smoothed initial terrain · ◌ = detected wall gap · hover for details
Inputs per minute
— T91Official - - FACTORY_C
Build order — T91Official
First 150 of 173 actions detected
| 0:01 | Create | Villager (Male) ×4 |
| 0:03 | Build | House |
| 0:05 | Build | House |
| 1:34 | Create | Villager (Male) |
| 1:34 | Create | Villager (Male) |
| 1:50 | Build | Lumber Camp |
| 1:59 | Create | Villager (Male) |
| 2:18 | Create | Villager (Male) |
| 2:18 | Create | Villager (Male) |
| 2:44 | Create | Villager (Male) |
| 2:45 | Create | Villager (Male) |
| 3:02 | Create | Villager (Male) |
| 3:02 | Create | Villager (Male) |
| 3:35 | Create | Villager (Male) |
| 3:51 | Build | House |
| 3:56 | Create | Villager (Male) |
| 3:59 | Create | Villager (Male) |
| 3:59 | Create | Villager (Male) |
| 4:40 | Build | Mill |
| 4:48 | Create | Villager (Male) |
| 4:53 | Create | Villager (Male) |
| 5:19 | Create | Villager (Male) |
| 5:19 | Create | Villager (Male) |
| 5:19 | Create | Villager (Male) |
| 5:34 | Create | Villager (Male) |
| 5:59 | Create | Villager (Male) |
| 7:02 | Research | Feudal Age |
| 7:03 | Research | Feudal Age |
| 7:47 | Build | House |
| 7:50 | Build | Palisade Wall |
| 7:52 | Build | Palisade Wall |
| 8:01 | Create | Villager (Male) |
| 8:08 | Build | Barracks |
| 9:16 | Age | Feudal Age |
| 9:17 | Research | Double-Bit Axe |
| 9:22 | Build | Stable |
| 9:27 | Create | Villager (Male) |
| 9:36 | Build | Blacksmith |
| 9:41 | Build | House |
| 9:42 | Build | Palisade Wall |
| 9:54 | Build | House |
| 10:06 | Build | House |
| 10:08 | Build | Palisade Wall |
| 10:10 | Create | Scout Cavalry |
| 10:23 | Create | Villager (Male) |
| 10:25 | Research | Loom |
| 10:44 | Create | Scout Cavalry |
| 10:49 | Create | Villager (Male) |
| 10:58 | Build | Lumber Camp |
| 11:02 | Build | Mill |
| 11:31 | Create | Scout Cavalry |
| 11:45 | Create | Villager (Male) |
| 12:30 | Create | Villager (Male) |
| 13:28 | Build | Town Center |
| 13:41 | Build | Lumber Camp |
| 14:59 | Build | Farm |
| 15:02 | Build | Farm |
| 15:02 | Build | Farm |
| 15:02 | Build | Farm |
| 15:03 | Build | Farm |
| 15:03 | Build | Farm |
| 15:03 | Build | Farm |
| 15:03 | Build | Farm |
| 15:04 | Build | Farm |
| 15:15 | Build | House |
| 15:23 | Create | Villager (Male) |
| 15:51 | Build | Archery Range |
| 16:00 | Create | Villager (Male) |
| 16:19 | Create | Villager (Male) |
| 16:23 | Build | Farm |
| 16:24 | Build | Farm |
| 16:24 | Build | Farm |
| 16:30 | Build | Farm |
| 16:36 | Create | Archer |
| 16:40 | Create | Villager (Male) |
| 17:01 | Build | Mining Camp |
| 17:05 | Build | Farm |
| 17:12 | Create | Archer |
| 17:16 | Create | Villager (Male) |
| 17:20 | Build | Farm |
| 17:48 | Create | Villager (Male) |
| 17:54 | Build | Mill |
| 17:55 | Build | Farm |
| 17:55 | Build | Farm |
| 17:55 | Build | Farm |
| 18:35 | Create | Archer |
| 18:37 | Create | Villager (Male) |
| 18:40 | Build | Farm |
| 18:43 | Build | Farm |
| 18:43 | Build | Farm |
| 19:02 | Create | Archer |
| 19:40 | Research | Fletching |
| 20:08 | Create | Archer |
| 20:09 | Create | Archer |
| 20:11 | Create | Villager (Male) |
| 20:17 | Build | Mill |
| 20:17 | Build | Farm |
| 20:18 | Build | Farm |
| 20:18 | Build | Farm |
| 20:18 | Build | Farm |
| 20:18 | Build | Farm |
| 20:19 | Build | Farm |
| 20:19 | Build | Farm |
| 20:19 | Build | Farm |
| 20:24 | Build | House |
| 20:44 | Create | Villager (Male) |
| 20:53 | Create | Villager (Male) |
| 20:56 | Build | House |
| 20:59 | Build | House |
| 21:02 | Create | Archer |
| 21:25 | Create | Villager (Male) |
| 21:28 | Build | Farm |
| 21:48 | Build | Mining Camp |
| 21:55 | Create | Villager (Male) |
| 22:22 | Create | Villager (Male) |
| 23:10 | Research | Castle Age |
| 23:32 | Research | Gold Mining |
| 23:36 | Research | Horse Collar |
| 23:49 | Create | Archer |
| 23:54 | Build | House |
| 23:58 | Build | House |
| 24:23 | Create | Archer |
| 24:39 | Build | Farm |
| 24:52 | Create | Archer |
| 25:07 | Create | Archer |
| 25:30 | Create | Archer |
| 25:38 | Create | Villager (Male) |
| 25:50 | Age | Castle Age |
| 25:51 | Build | Siege Workshop |
| 25:53 | Research | Crossbowman (upgrade) |
| 25:59 | Create | Villager (Male) |
| 26:15 | Create | Archer |
| 26:21 | Create | Villager (Male) |
| 26:36 | Research | Bodkin Arrow |
| 26:43 | Create | Villager (Male) |
| 26:53 | Build | Palisade Wall |
| 26:55 | Build | Palisade Wall |
| 26:57 | Build | Palisade Wall |
| 27:05 | Create | Archer |
| 27:07 | Create | Villager (Male) |
| 27:10 | Research | Padded Archer Armor |
| 27:12 | Create | Battering Ram |
| 27:27 | Create | Mangonel |
| 27:31 | Create | Archer |
| 27:33 | Create | Villager (Male) |
| 27:49 | Create | Villager (Male) |
| 28:17 | Create | Archer |
| 28:23 | Create | Villager (Male) |
| 29:03 | Build | Monastery |
| 29:11 | Create | Mangonel |
Build order — FACTORY_C
144 actions detected in the replay
| 0:01 | Create | Villager (Male) |
| 0:02 | Create | Villager (Male) |
| 0:02 | Create | Villager (Male) |
| 0:02 | Create | Villager (Male) |
| 0:03 | Build | House |
| 0:05 | Build | House |
| 1:28 | Create | Villager (Male) |
| 1:28 | Create | Villager (Male) |
| 2:01 | Create | Villager (Male) |
| 2:23 | Create | Villager (Male) |
| 2:23 | Create | Villager (Male) |
| 2:54 | Create | Villager (Male) |
| 2:55 | Create | Villager (Male) |
| 2:59 | Create | Villager (Male) |
| 3:22 | Build | Mill |
| 3:45 | Create | Villager (Male) |
| 3:45 | Create | Villager (Male) |
| 4:02 | Create | Villager (Male) |
| 4:24 | Build | House |
| 4:34 | Create | Villager (Male) |
| 4:51 | Create | Villager (Male) |
| 4:51 | Create | Villager (Male) |
| 5:06 | Create | Villager (Male) |
| 5:06 | Create | Villager (Male) |
| 5:15 | Create | Villager (Male) |
| 5:15 | Create | Villager (Male) |
| 5:31 | Create | Villager (Male) |
| 5:31 | Create | Villager (Male) |
| 5:38 | Build | Lumber Camp |
| 6:34 | Research | Loom |
| 7:47 | Research | Feudal Age |
| 8:50 | Build | House |
| 9:09 | Build | Mining Camp |
| 9:57 | Age | Feudal Age |
| 10:14 | Build | Town Center |
| 11:24 | Create | Villager (Male) |
| 11:25 | Create | Villager (Male) |
| 11:25 | Create | Villager (Male) |
| 11:26 | Create | Villager (Male) |
| 11:26 | Create | Villager (Male) |
| 11:26 | Create | Villager (Male) |
| 11:26 | Create | Villager (Male) |
| 11:43 | Create | Villager (Male) |
| 11:43 | Create | Villager (Male) |
| 11:43 | Create | Villager (Male) |
| 12:04 | Research | Double-Bit Axe |
| 12:22 | Create | Villager (Male) |
| 12:23 | Create | Villager (Male) |
| 12:23 | Create | Villager (Male) |
| 12:25 | Create | Villager (Male) |
| 12:25 | Create | Villager (Male) |
| 12:40 | Build | Outpost |
| 12:46 | Build | Outpost |
| 12:56 | Build | Stone Wall |
| 12:58 | Build | Stone Wall |
| 13:50 | Build | House |
| 13:55 | Build | House |
| 14:01 | Build | Stone Wall |
| 14:37 | Build | Stone Wall |
| 14:43 | Build | Farm |
| 14:45 | Build | Farm |
| 14:46 | Build | Farm |
| 14:46 | Build | Farm |
| 14:46 | Build | Farm |
| 14:47 | Build | Farm |
| 14:47 | Build | Farm |
| 14:48 | Build | Farm |
| 15:01 | Build | Farm |
| 15:30 | Build | Barracks |
| 15:50 | Build | Farm |
| 15:54 | Build | Farm |
| 15:56 | Build | Farm |
| 15:58 | Create | Villager (Male) |
| 16:08 | Create | Villager (Male) |
| 16:14 | Build | Farm |
| 16:34 | Create | Spearman |
| 16:34 | Create | Spearman |
| 16:44 | Build | Farm |
| 16:45 | Build | Farm |
| 16:49 | Create | Villager (Male) |
| 17:04 | Build | House |
| 17:07 | Build | House |
| 17:11 | Research | Town Watch |
| 17:37 | Create | Villager (Male) |
| 17:40 | Create | Villager (Male) |
| 17:40 | Create | Villager (Male) |
| 18:26 | Create | Villager (Male) |
| 18:52 | Create | Spearman |
| 19:25 | Create | Villager (Male) |
| 19:25 | Create | Villager (Male) |
| 20:01 | Create | Villager (Male) |
| 20:01 | Create | Villager (Male) |
| 20:10 | Build | Farm |
| 20:10 | Build | Farm |
| 20:10 | Build | Farm |
| 20:11 | Build | Farm |
| 20:11 | Build | Farm |
| 20:12 | Build | Farm |
| 20:17 | Create | Villager (Male) |
| 20:18 | Create | Villager (Male) |
| 20:41 | Build | Watch Tower |
| 20:43 | Create | Villager (Male) |
| 20:55 | Build | Blacksmith |
| 21:58 | Build | Stable |
| 22:14 | Create | Villager (Male) |
| 22:21 | Create | Villager (Male) |
| 22:51 | Build | Watch Tower |
| 23:27 | Research | Castle Age |
| 23:40 | Research | Stone Mining |
| 23:50 | Research | Fletching |
| 24:01 | Build | House |
| 24:18 | Build | Farm |
| 24:18 | Build | Farm |
| 24:45 | Build | Stable |
| 24:59 | Build | Farm |
| 25:12 | Build | Farm |
| 25:26 | Research | Bloodlines |
| 25:46 | Research | Scale Barding Armor |
| 25:51 | Create | Scout Cavalry |
| 25:51 | Create | Scout Cavalry |
| 26:07 | Age | Castle Age |
| 26:09 | Create | Knight ×3 |
| 26:24 | Create | Villager (Male) |
| 26:24 | Create | Villager (Male) |
| 27:09 | Build | Farm |
| 27:10 | Build | Farm |
| 27:13 | Create | Villager (Male) |
| 27:13 | Create | Villager (Male) |
| 27:17 | Create | Knight |
| 27:37 | Research | Gold Mining |
| 27:38 | Create | Villager (Male) |
| 28:07 | Create | Villager (Male) |
| 28:09 | Build | House |
| 28:10 | Build | House |
| 28:10 | Build | House |
| 28:31 | Research | Bodkin Arrow |
| 29:36 | Build | Mining Camp |
| 29:58 | Build | Farm |
| 30:31 | Build | Watch Tower |
| 30:46 | Research | Chain Barding Armor |
| 30:49 | Create | Knight ×2 |
| 30:49 | Create | Knight ×2 |
| 31:32 | Create | Villager (Male) |
| 31:33 | Create | Villager (Male) |
Match timeline
| 7:50 | T91Official · wall_segment Palisade Wall x1 |
| 7:52 | T91Official · wall_segment Palisade Wall x2 |
| 8:08 | T91Official · first_building Barracks |
| 9:16 | T91Official · age_up feudal |
| 9:22 | T91Official · first_building Stable |
| 9:42 | T91Official · wall_segment Palisade Wall x1 |
| 9:57 | FACTORY_C · age_up feudal |
| 10:08 | T91Official · wall_segment Palisade Wall x7 |
| 12:56 | FACTORY_C · wall_segment Stone Wall x1 |
| 12:58 | FACTORY_C · wall_segment Stone Wall x1 |
| 14:01 | FACTORY_C · wall_segment Stone Wall x2 |
| 14:37 | FACTORY_C · wall_segment Stone Wall x4 |
| 15:30 | FACTORY_C · first_building Barracks |
| 15:51 | T91Official · first_building Archery Range |
| 21:58 | FACTORY_C · first_building Stable |
| 25:50 | T91Official · age_up castle |
| 25:51 | T91Official · first_building Siege Workshop |
| 26:07 | FACTORY_C · age_up castle |
| 26:53 | T91Official · wall_segment Palisade Wall x1 |
| 26:55 | T91Official · wall_segment Palisade Wall x1 |
| 26:57 | T91Official · wall_segment Palisade Wall x1 |
| 29:03 | T91Official · first_building Monastery |
| 32:25 | FACTORY_C · resign |
[ AI ANALYSIS · 1 CREDIT ]
What really happened in this match?
Wolo.gg analyzes every decision: build order, eco, micro, common mistakes by bracket. Personalized analysis on WhatsApp or Discord in 30 seconds.
Civ guide
Vietnamese
Perfil
Jugador #5948049